 Dungeon Crawl Stone Soup version 0.26-a0-753-g4680b4fa2e (webtiles) character file.

Game seed: 12832391376308442599

88 Forecaster the Stinger (level 4, -4/36 HPs)
             Began as a Naga Venom Mage on Nov 7, 2020.
             Slain by Sigmund
             ... wielding a +0 scythe
              (9 damage)
             ... on level 2 of the Dungeon.
             The game lasted 00:05:40 (2045 turns).

Forecaster the Stinger (Naga Venom Mage)            Turns: 2045, Time: 00:05:40

Health: -4/36      AC:  2    Str: 11    XL:     4   Next: 53%
Magic:  1/8        EV: 10    Int: 16    God:
Gold:   53         SH:  0    Dex: 11    Spells: 5/8 levels left

rFire    . . .     SeeInvis +   l - +0 dagger (speed)
rCold    . . .     Faith    .   (no shield)
rNeg     . . .     Spirit   .   a - +0 robe
rPois    +         Reflect  .   (no helmet)
rElec    .         Harm     .   (no cloak)
rCorr    .         Rampage  .   (no gloves)
MR       .....                  (no barding)
Stlth    ++........             (no amulet)
HPRegen  0.12/turn              (no ring)
MPRegen  0.11/turn              (no ring)

@: slowed, very slow
A: large, see invisible, deformed body, poison resistance, slowness 2, spit
poison 1, AC +1
a: Spit Poison


You were on level 2 of the Dungeon.
You visited 1 branch of the dungeon, and saw 2 of its levels.

You collected 53 gold pieces.

Inventory:

Hand Weapons
 b - a +0 short sword
 f - a +0 dagger
 l - a +0 dagger of speed (weapon)
Armour
 a - a +0 robe (worn)
Scrolls
 c - a scroll of remove curse
Potions
 e - a potion of heal wounds
 g - a potion of degeneration {unknown}


   Skills:
 + Level 2.0 Dodging
 + Level 3.3 Stealth
 + Level 2.7 Spellcasting
 + Level 1.2 Transmutations
 + Level 1.1 Air Magic
 + Level 5.2 Poison Magic


You had 5 spell levels left.
You knew the following spells:

 Your Spells              Type           Power        Failure   Level
a - Sting                 Tmut/Pois      ##..         5%          1
b - Poisonous Vapours     Pois/Air       ##....       8%          2

Your spell library contained the following spells:

 Spells                   Type           Power        Failure   Level
 Olgreb's Toxic Radiance  Pois           ###.....     22%         4
 Ignite Poison            Fire/Tmut/Pois #.......     24%         3
 Mephitic Cloud           Conj/Pois/Air  #.......     24%         3


Dungeon Overview and Level Annotations

Branches:
Dungeon (2/15)

Altars:

Annotations:
D:2 Sigmund


Innate Abilities, Weirdness & Mutations

You cannot wear boots.
Your serpentine skin is tough. (AC +1)
You have supernaturally acute eyesight. (SInv)
Armour fits poorly on your strangely shaped body.
Your system is resistant to poisons. (rPois)
You cover ground very slowly.
You can spit poison.


Message History

Poisonous vapours surround Sigmund!
Sigmund is engulfed in poison gas.
Sigmund is poisoned.
Sigmund hits you from afar with a +0 scythe.
Casting: Poisonous Vapours (safe; 8% risk of failure)
Confirm with . or Enter, or press ? or * to list all spells.
Aiming: Poisonous Vapours (safe; 8% risk of failure)
Press: ? - help, Dir - move target cursor, f/p - Sigmund
Aim: Sigmund, wielding a +0 scythe and wearing a +0 robe (lightly wounded, poisoned) Poisonous vapours surround Sigmund!
Sigmund is engulfed in poison gas.
Sigmund looks even sicker.
Sigmund hits you from afar with a +0 scythe.
Sigmund hits you but does no damage. Sigmund hits you with a +0 scythe!
* * * LOW HITPOINT WARNING * * *
Items here: ! ( / [.
You completely miss Sigmund.
Sigmund is heavily wounded.
You barely miss Sigmund.
Sigmund is heavily wounded.
Sigmund hits you with a +0 scythe!
You die...

..# ... .. . ..
... .# . ....#
.# ..)
......###.#.....
#(.<@)...=..
#####@......
...#!#. .).#
..<# .?.# ...#
....


You could see Sigmund (very poisoned).

Vanquished Creatures
  Jessica (D:2)
  2 adders (D:2)
  An ooze (D:1)
  3 dart slugs (D:1)
  3 bats
  2 giant cockroaches (D:1)
  3 goblins
  6 hobgoblins
  A quokka (D:2)
  6 kobolds
  4 rats
32 creatures vanquished.

Notes
Turn   | Place    | Note
-------+----------+-------------------------------------------
     0 | D:1      | Forecaster the Naga Venom Mage began the quest for the Orb.
     0 | D:1      | Reached XP level 1. HP: 15/15 MP: 3/3
   326 | D:1      | Reached XP level 2. HP: 22/22 MP: 1/5
   331 | D:1      | Learned a level 2 spell: Poisonous Vapours
   887 | D:1      | Reached XP level 3. HP: 28/28 MP: 1/6
  1483 | D:2      | Noticed Sigmund
  1655 | D:2      | Noticed Jessica
  1656 | D:2      | Reached skill level 1 in Air Magic
  1656 | D:2      | Reached XP level 4. HP: 26/36 MP: 1/8
  2040 | D:2      | Killed Jessica
  2040 | D:2      | Reached skill level 5 in Poison Magic
  2045 | D:2      | Slain by Sigmund

Illustrated notes

Levels and vault maps discovered:
D:1:      beargit_arrival_greenhouse, layout_loops_ring
D:2:      layout_rooms, uniq_sigmund, uniq_jessica

Skill      XL: |  1  2  3  4 |
---------------+-------------+-----
Dodging        | 2 |  2.0
Air Magic      | 1 |  1.1
Poison Magic   | 5 |  5.2
Stealth        | |  3.3
Spellcasting   | |  2.7
Transmutations | |  1.2

Action                   |  1- 3 |  4- 6 || total
-------------------------+-------+-------++-------
Melee: Unarmed           |     6 |       ||     6
       Dagger            |    34 |    16 ||    50
       Short sword       |     3 |       ||     3
 Cast: Sting             |     8 |       ||     8
       Poisonous Vapours |    29 |     8 ||    37
 Abil: Spit Poison       |     1 |       ||     1
  Use: Scroll            |     6 |       ||     6
Armor: Robe              |     7 |       ||     7
Dodge: Dodged            |    26 |    11 ||    37

Table legend: (Time is in decaauts)
 A = Elapsed time spent in this place.
 B = Non-inter-level travel time spent in this place.
 C = Inter-level travel time spent in this place.
 D = Time resting spent in this place.
 E = Time spent auto-exploring this place.
 F = Levels seen in this place.
 G = Mean time per level.
                   A        B        C        D        E       F      G
               +--------+--------+--------+--------+--------+-----+--------+
         Total |   2228 |   2168 |     60 |    831 |   1073 |   2 | 1114.0 |
       Dungeon |   2228 |   2168 |     60 |    831 |   1073 |   2 | 1114.0 |
               +--------+--------+--------+--------+--------+-----+--------+

Top non-repeatable levels by time:
     D:1: 1870 daAuts
     D:2: 358 daAuts
